 Dungeon Crawl Stone Soup version 0.28.0 (webtiles) character file.

Game seed: 15959174990683571557

88 RighteousDevil the Skirmisher (level 4, 0/45 HPs)
             Began as an Ogre Artificer on Feb 10, 2022.
             Slain by an orc (2 damage)
             ... on level 3 of the Dungeon.
             The game lasted 00:04:58 (2921 turns).

RighteousDevil the Skirmisher (Ogre Artificer)      Turns: 2921, Time: 00:05:00

Health: 0/45       AC:  3    Str: 18    XL:     4   Next: 54%
Magic:  4/4        EV: 10    Int: 12    God:
Gold:   54         SH:  0    Dex:  9    Spells: 3/3 levels left

rFire   . . .      SeeInvis .   a - +0 mace (flame)
rCold   . . .      Faith    .   (no shield)
rNeg    . . .      Spirit   .   b - +0 robe
rPois   .          Reflect  .   (helmet restricted)
rElec   .          Harm     .   (no cloak)
rCorr   .          Rampage  .   (gloves unavailable)
Will    .....                   (boots unavailable)
Stlth   +.........              (no amulet)
HPRegen 0.15/turn               (no ring)
MPRegen 0.09/turn               (no ring)

@: mighty
A: large, unfitting armour, tough skin 1, no potion heal 1
a: no special abilities


You were on level 3 of the Dungeon.
You visited 1 branch of the dungeon, and saw 3 of its levels.

You collected 54 gold pieces.

Inventory:

Hand Weapons
 a - a +0 mace of flaming (weapon)
 m - a +1 club
Missiles
 l - 19 stones (quivered)
Armour
 b - a +0 robe (worn)
Wands
 d - a wand of charming (13)
Potions
 h - a potion of cancellation
Miscellaneous
 e - a piece from Xom's chessboard (15/15)


   Skills:
 + Level 3.0 Fighting
 * Level 2.6 Maces & Flails
 - Level 2.6 Dodging
 - Level 0.6 Stealth
 - Level 2.4 Evocations


You had 3 spell levels left.
You didn't know any spells.
Your spell library was empty.

Dungeon Overview and Level Annotations

Branches:
Dungeon (3/15)

Altars:
Dithmenos


Innate Abilities, Weirdness & Mutations

You are too large for most types of armour.
You have tough skin. (AC +1)
Potions are less effective at restoring your health.


Message History

Okay, then.
You drop a scroll of noise.
As you read the scroll of identify, it crumbles to dust.
h - a potion of cancellation 2 orcs come into view.
The orc shouts! 2 orcs come into view.
The orc shouts! x2
The orc throws a boomerang.
The boomerang barely misses you. The orc hits you with a +0 war axe.
You barely miss the orc. The orc hits you but does no damage.
You hit the orc but do no damage. The orc barely misses you.
You thump the orc! You burn the orc.
You kill the orc!
You barely miss the orc. The orc hits you with a +0 war axe!
You closely miss the orc. The orc hits you with a +0 war axe.
* * * LOW HITPOINT WARNING * * *
The orc hits you but does no damage.
You hit the orc. You burn the orc.
You kill the orc!
The orc hits you with a +0 dagger.
* * * LOW HITPOINT WARNING * * *
You closely miss the orc. The orc hits you with a +0 dagger.
* * * LOW HITPOINT WARNING * * *
It was a potion of mutation.
You feel extremely strange.
Your system partially rejects the healing effects of potions.
The orc hits you with a +0 dagger.
* * * LOW HITPOINT WARNING * * *
It was a potion of might.
You feel very mighty all of a sudden. The orc hits you with a +0 dagger.
* * * LOW HITPOINT WARNING * * *
You closely miss the orc. Your punch misses the orc.
The orc closely misses you.
You barely miss the orc. The orc hits you but does no damage.
The orc barely misses you.
You closely miss the orc. The orc hits you with a +0 dagger.
* * * LOW HITPOINT WARNING * * *
You barely miss the orc. The orc hits you with a +0 dagger.
You die...

#........##
#...$......
#........#
#........#
#..o....# #o#
#.# #
#####.#.#####
#..@oo.......
#.###.#.#####
#.# #.#.# #.#
#.# #.#.# #.#
#.# #.#.# #.#
#.# #.#.# #.#
#.# #.#.# #.#
#.# #†#.# #.#
#.###.#.#####.#


You could see 2 orcs.

Vanquished Creatures
  4 adders
  A dart slug (D:1)
  2 orcs (D:3)
  5 bats
  2 endoplasms (D:1)
  3 giant cockroaches (D:1)
  5 goblins
  2 hobgoblins (D:1)
  4 jackals (D:3)
  2 quokkas
  4 ball pythons
  3 frilled lizards
  6 kobolds
  4 rats
47 creatures vanquished.

Vanquished Creatures (others)
  A hobgoblin (D:1)
  2 plants
3 creatures vanquished.

Grand Total: 50 creatures vanquished

Notes
Turn   | Place    | Note
-------+----------+-------------------------------------------
     0 | D:1      | RighteousDevil the Ogre Artificer began the quest for the
                  | Orb.
     0 | D:1      | Reached XP level 1. HP: 19/19 MP: 1/1
   270 | D:1      | Reached XP level 2. HP: 28/28 MP: 2/2
   278 | D:1      | Reached skill level 1 in Maces & Flails
   322 | D:1      | Reached skill level 2 in Fighting
   734 | D:1      | Reached XP level 3. HP: 31/35 MP: 3/3
  1512 | D:2      | Found a shadowy altar of Dithmenos.
  2028 | D:2      | Reached XP level 4. HP: 44/44 MP: 4/4
  2774 | D:3      | Reached skill level 3 in Fighting
  2916 | D:3      | Gained mutation: Potions are less effective at restoring
                  | your health. [potion of mutation]
  2917 | D:3      | HP: 2/45 [orc (1)]
  2921 | D:3      | Slain by an orc

Illustrated notes

Levels and vault maps discovered:
D:1:      lemuel_arrival_hallway, layout_rooms, minmay_crystal_room,
          chequers_big_river, kennysheep_flooded_box, kennysheep_small_spiral
D:2:      layout_rooms, basic_altar, serial_forest, infiniplex_forest_end_1,
          infiniplex_forest_lined_2, infiniplex_forest_straight_5,
          infiniplex_forest_diagonal, infiniplex_forest_clump_cross,
          infiniplex_forest_corner_2, skrybe_limestone_x,
          minmay_misc_feat_more_columns, minmay_misc_feat_tiny
D:3:      layout_loops_ring, trog_antimagical, gup_sewer_entry_bubbles,
          minmay_splitting_lines

Skill      XL: |  1  2  3  4 |
---------------+-------------+-----
Maces & Flails | 1 2 |  2.6
Fighting       | 2 3 |  3.0
Dodging        | |  2.6
Stealth        | |  0.6
Evocations     | |  2.4

Action                   |  1- 3 |  4- 6 || total
-------------------------+-------+-------++-------
Melee: Club              |   102 |    21 ||   123
       Punch             |     1 |       ||     1
       Mace              |       |    39 ||    39
Throw: Stone             |       |     6 ||     6
Evoke: Wand              |    16 |     1 ||    17
       Piece from Xom's  |     1 |       ||     1
  Use: Scroll            |     3 |     3 ||     6
       Potion            |       |     3 ||     3
Armor: Robe              |    61 |    16 ||    77
       Skin              |       |     3 ||     3
Dodge: Dodged            |    77 |    34 ||   111
